cohdb
Replays
Latest Replays
All Replays
Popular Replays
Top Player Replays
Match Explorer
How It Works
Community
CoH3 Stats
Reddit
Sign in to upload your games and track your stats! →
Sign in with Steam
Match 42183860
Unlisted
Match 42183860
Overview
Messages
Build Orders
End
Construct Barracks
Riflemen Squad
1⁄4-ton 4x4 Truck
Riflemen Squad
Riflemen Squad
Engineer Squad
Mechanized Support Center
Construct Motor Pool
Selects Heavy Weapons
Selects Assault Carriers
Selects Exchangeable Parts
M1 Anti-tank Gun Team
Grenade Package
Mortar Pit
M1918 Browning Automatic Rifles
dan legend
PanzerANUs
Artistóteles
Jarekk
0
0
Comments
sign in to comment!
No comments posted yet!